 Dungeon Crawl Stone Soup version 0.26.0-18-gc5c842f807 (webtiles) character file.

Game seed: 1392093841622770471

1850 mirakurutaimu the Cudgeller (level 8, -5/71 HPs)
             Began as a Minotaur Berserker on Jan 23, 2021.
             Was an Elder of Trog.
             Killed from afar by a gargoyle (18 damage)
             ... with a stone arrow
             ... on level 6 of the Dungeon.
             The game lasted 00:24:06 (5458 turns).

mirakurutaimu the Cudgeller (Minotaur Berserker)    Turns: 5458, Time: 00:24:07

Health: -5/71      AC: 10    Str: 29    XL:     8   Next: 88%
Magic:  7/7        EV: 12    Int: 10    God:    Trog [****..]
Gold:   116        SH:  0    Dex: 11    Spells: 7/7 levels left

rFire    . . .     SeeInvis .   G - +1 battleaxe (freeze)
rCold    . . .     Faith    .   (shield currently unavailable)
rNeg     . . .     Spirit   .   K - +0 scale mail
rPois    .         Reflect  .   (helmet restricted)
rElec    .         Harm     .   a - +0 cloak
rCorr    .         Rampage  .   b - +0 pair of gloves
Will     ++...                  (no boots)
Stlth    ..........             x - amulet of magic regeneration
HPRegen  1.21/turn              r - +6 ring of strength
MPRegen  0.35/turn              s - +6 ring of intelligence

@: regenerating
A: retaliatory headbutt, horns 2
a: Renounce Religion, Berserk, Trog's Hand, Brothers in Arms


You were on level 6 of the Dungeon.
You worshipped Trog.
Trog was greatly pleased with you.
You visited 1 branch of the dungeon, and saw 6 of its levels.

You collected 171 gold pieces.
You spent 55 gold pieces at shops.

Inventory:

Hand Weapons
 q - a +2 dagger of holy wrath
 E - a +2 dagger of speed
 G - a +1 battleaxe of freezing (weapon)
 I - a +0 flail of protection
 J - a +0 whip of flaming
Armour
 a - a +0 cloak (worn)
 b - a +0 pair of gloves (worn)
 k - a +1 leather armour of poison resistance
 K - a +0 scale mail (worn)
Jewellery
 l - a cursed amulet of inaccuracy {unknown}
 r - a +6 ring of strength (left hand)
 s - a +6 ring of intelligence (right hand)
 x - an amulet of magic regeneration (around neck)
 H - an uncursed ring of willpower {unknown}
Wands
 n - a wand of flame (30)
 D - a wand of polymorph (13)
Scrolls
 c - 2 scrolls of enchant armour {unknown}
 d - 4 scrolls of identify {unknown}
 i - a scroll of amnesia {unknown}
 m - 2 scrolls of enchant weapon {unknown}
 o - a scroll of fog {unknown}
 p - a scroll of blinking {unknown}
 t - 4 scrolls of remove curse {unknown}
 u - a scroll of magic mapping {unknown}
 y - a scroll of immolation {unknown}
 L - 2 scrolls of teleportation {unknown}
 N - a scroll of torment {unknown}
 O - a scroll of noise {unknown}
Potions
 e - a potion of degeneration {unknown}
 f - a potion of curing {unknown}
 g - a potion of ambrosia {unknown}
 h - 3 potions of heal wounds
 j - 2 potions of haste {unknown}
 v - a potion of might {unknown}
 w - a potion of attraction {unknown}
 z - a potion of flight {unknown}
 A - a potion of cancellation {unknown}
 B - a potion of brilliance {unknown}
 C - a potion of berserk rage {unknown}
 F - a potion of magic {unknown}
 M - a potion of mutation {unknown}


   Skills:
 + Level 6.4 Fighting
 + Level 7.0(8.6) Axes
 + Level 7.8(9.1) Maces & Flails
 + Level 5.8 Armour
 + Level 5.1 Dodging
 + Level 1.7 Stealth


You had 7 spell levels left.
You didn't know any spells.
Your spell library was empty.

Dungeon Overview and Level Annotations

Branches:
Dungeon (6/15)             Temple (0/1) D:4

Altars:
Qazlal
Trog
Uskayaw
Zin

Shops:
D:4 }   D:6 !


Innate Abilities, Weirdness & Mutations

You reflexively headbutt those who attack you in melee.
You have a pair of horns on your head.


Message History

You hit the gargoyle but do no damage. You headbutt the gargoyle!!
The gargoyle is severely damaged.
The gargoyle hits you with a +0 mace.
You hit the gargoyle. You freeze the gargoyle.
The gargoyle is severely damaged.
The gargoyle hurls a stone arrow at you.
The stone arrow hits you!!
You hit the gargoyle but do no damage.
The gargoyle is severely damaged.
The gargoyle hits you with a +0 mace!
* * * LOW HITPOINT WARNING * * *
Your skin crawls.
You feel strong-willed. The gargoyle hits you with a +0 mace!
* * * LOW HITPOINT WARNING * * *
The gargoyle hurls a stone arrow at you.
The stone arrow misses you.
The gargoyle hurls a stone arrow at you.
The stone arrow hits you!!
You die...

#.# #.# #.# #.# #.#
#####.#### #######
#........# ###
#.....####
#.###.##.... ..#
#.#..9.@.###
##...##### #.#
#.####...## #.....#
#.†..###..####.(.##
#..#..(##..# ##.##
##.# ...##.## #.#
.# ...#..# #.### ..
..##.###⌠.⌠## #.#
#.. . #.##..∩..#
##.# #..###
#..#.⌠.⌠.#


You could see a gargoyle.

Vanquished Creatures
  Pikel (D:5)
  Edmund (D:5)
  Duvessa (D:6)
  A phantom (D:5)
  An ogre (D:4)
  Blork the orc (D:5)
  4 lemures (D:5)
  3 bullfrogs (D:6)
  Dowan (D:6)
  2 scorpions
  A bullfrog zombie (D:5)
  2 orc priests
  3 hounds
  6 orc wizards
  Ijyb (D:5)
  4 worker ants
  A killer bee zombie (D:6)
  A worker ant zombie (D:4)
  2 adders
  A white imp (D:5)
  An ooze (D:1)
  An adder skeleton (D:4)
  2 worms
  6 leopard geckos
  14 orcs
  A ball python (D:4)
  4 bats (D:1)
  6 giant cockroaches
  5 goblins
  6 hobgoblins
  9 jackals
  6 kobolds
  3 quokkas
  3 frilled lizards (D:3)
  A jackal skeleton (D:4)
  6 rats
112 creatures vanquished.

Notes
Turn   | Place    | Note
-------+----------+-------------------------------------------
     0 | D:1      | mirakurutaimu the Minotaur Berserker began the quest for
                  | the Orb.
     0 | D:1      | Reached XP level 1. HP: 19/19 MP: 0/0
   394 | D:1      | Reached XP level 2. HP: 27/27 MP: 1/1
  1148 | D:2      | Reached XP level 3. HP: 32/34 MP: 2/2
  1187 | D:2      | Reached ** piety under Trog
  1811 | D:3      | Found a bloodstained altar of Trog.
  2244 | D:3      | Reached XP level 4. HP: 41/41 MP: 3/3
  2807 | D:4      | Found Buin's Gadget Shoppe.
  2877 | D:4      | Reached skill level 5 in Maces & Flails
  2884 | D:4      | Reached XP level 5. HP: 47/47 MP: 4/4
  3018 | D:4      | Reached *** piety under Trog
  3310 | D:4      | Noticed an ogre
  3316 | D:4      | Killed an ogre
  3317 | D:4      | Reached skill level 5 in Fighting
  3317 | D:4      | Reached XP level 6. HP: 56/56 MP: 5/5
  3361 | D:4      | Reached skill level 1 in Stealth
  3414 | D:4      | Found a hide-covered altar of Uskayaw.
  3581 | D:4      | Found a staircase to the Ecumenical Temple.
  3758 | D:4      | You fall into a shaft and drop 1 floor!
  3758 | D:5      | Entered Level 5 of the Dungeon
  3782 | D:5      | Noticed Blork the orc
  3795 | D:5      | Killed Blork the orc
  3796 | D:5      | Reached XP level 7. HP: 50/61 MP: 6/6
  3884 | D:5      | Noticed Ijyb
  3892 | D:5      | Killed Ijyb
  3893 | D:5      | Noticed a fire elemental
  3937 | D:5      | Found a stormy altar of Qazlal.
  3940 | D:5      | Noticed a water elemental
  3940 | D:5      | Noticed an air elemental
  4075 | D:5      | Noticed Pikel
  4077 | D:5      | Noticed Edmund
  4085 | D:5      | Killed Edmund
  4086 | D:5      | Reached skill level 1 in Axes
  4095 | D:5      | Killed Pikel
  4096 | D:5      | Reached skill level 5 in Armour
  4096 | D:5      | Reached XP level 8. HP: 17/70 MP: 7/7
  4661 | D:5      | Reached skill level 5 in Axes
  4745 | D:6      | Noticed Duvessa
  4745 | D:6      | Noticed Dowan
  4748 | D:6      | Killed Dowan
  4751 | D:6      | Killed Duvessa
  5023 | D:6      | Found a glowing silver altar of Zin.
  5144 | D:6      | Reached skill level 5 in Dodging
  5386 | D:6      | Found Wout's Distillery.
  5401 | D:6      | Bought a potion of heal wounds for 55 gold pieces
  5416 | D:6      | Reached **** piety under Trog
  5442 | D:6      | Noticed a gargoyle
  5458 | D:6      | Killed from afar by a gargoyle

Illustrated notes

Levels and vault maps discovered:
D:1:      lemuel_arrival_tunnels, layout_basic, kennysheep_flooded_box,
          kennysheep_boxes
D:2:      layout_rooms, serial_park_tiny_1
D:3:      layout_rooms, old_standard_altar, serial_bayou_pond_d,
          minmay_misc_feat_columns
D:4:      layout_basic, eat_drink_and_be_merry_uskayaw,
          minmay_temple_entry_glass, serial_shops, shop,
          nicolae_shop_behind_doors, serial_bayou_pond_e, abandoned_shop,
          minmay_misc_feat_pillars, minmay_fractal_squares_diagonal_5
D:5:      layout_basic, nicolae_qazlal_style_of_elements, uniq_pikel, uniq_ijyb,
          uniq_edmund, uniq_blork_the_orc
D:6:      minmay_evil_eye, layout_loops_corners, serial_shops, shop_fountains,
          basic_altar, uniq_duvessa, uniq_grinder

Skill      XL: |  1  2  3  4  5  6  7  8 |
---------------+-------------------------+-----
Fighting       | 4 5 6 |  6.4
Maces & Flails | 4 5 6 7 |  7.8
Armour         | 3 4 5 |  5.8
Dodging        | 3 4 5 |  5.1
Stealth        | 1 |  1.7
Axes           | 4 7 |  7.0

Action                   |  1- 3 |  4- 6 |  7- 9 || total
-------------------------+-------+-------+-------++-------
Melee: Mace              |    75 |    73 |       ||   148
       Headbutt          |     7 |    16 |    16 ||    39
       Dagger            |       |     9 |       ||     9
       Battleaxe         |       |       |    71 ||    71
Invok: Berserk           |     5 |     4 |     2 ||    11
       Trog's Hand       |       |       |     1 ||     1
Armor: Animal skin       |     8 |       |       ||     8
       Leather armour    |    20 |    12 |     2 ||    34
       Scale mail        |       |       |    15 ||    15
Dodge: Dodged            |    62 |    33 |    55 ||   150
